AoeStats
← zzbs1234

Socotra

504665135Analyzed
4v4 RM · 26d ago on Sep 6, 2026· 24m 21s· 8 players
Game mode
Random Map
Map size
148×148
Population
200
Speed
Normal
Resources
Standard
Victory
Conquest
Starting age
Dark Age
Ending age
Imperial Age
RankedLock teamsTeams togetherTeam positionsShared explorationLock speedFull tech treeHidden civsTurbo modeCheats
Victory
Defeat
🇦🇺 Mongols · Australia
1256
+14
🇲🇽 Spanish · Mexico
1250
+15
🇲🇽 Italians · Mexico
1159
+18
🇺🇸 Teutons · United States
1147
+18
🇨🇳 Ethiopians · China
1280
-19
🇨🇳 Magyars · China
1233
-17
🇹🇼 Khmer · Taiwan
1210
-16
🇻🇳 Sicilians · Vietnam
1131
-13
我的农田我的矿
7:40 Loom
10:34 Feudal Age
11:20 Horse Collar
11:28 Double-Bit Axe
21:04 Castle Age
19:49 Bloodlines
19:38 Gold Mining
20:35 Scale Barding Armor
21:55 Husbandry
22:14 Bow Saw
22:07 Heavy Plow
等等等等
7:03 Loom
9:26 Feudal Age
10:06 Double-Bit Axe
14:23 Fletching
16:15 Padded Archer Armor
18:01 Wheelbarrow
22:37 Castle Age
20:45 Gold Mining
22:39 Crossbowman
23:20 Bodkin Arrow
Heztai
0:38 Loom
12:17 Feudal Age
19:49 Castle Age
18:08 Horse Collar
19:07 Double-Bit Axe
21:25 Scale Mail Armor
22:21 Pikeman
只會5TC
7:58 Feudal Age
8:24 Loom
8:38 Double-Bit Axe
14:44 Wheelbarrow
17:35 Scale Barding Armor
17:45 Bloodlines
17:33 Horse Collar
20:51 Castle Age
19:53 Forging
22:09 Iron Casting
21:02 Light Cavalry
22:33 Chain Barding Armor
23:03 Husbandry
24:15 Bow Saw
24:17 Heavy Plow
24:18 Gold Mining
arq_lobo
8:35 Loom
10:57 Feudal Age
17:06 Castle Age
16:16 Fletching
18:51 Double-Bit Axe
24:20 Wheelbarrow
24:57 Bow Saw
24:31 Horse Collar
Guss
4:53 Loom
10:00 Feudal Age
13:03 Fletching
17:33 Padded Archer Armor
23:01 Castle Age
23:52 Thumb Ring
24:16 Bodkin Arrow
Blinky Bill
5:32 Loom
7:45 Feudal Age
8:35 Double-Bit Axe
12:48 Horse Collar
19:31 Castle Age
18:12 Stone Mining
18:32 Fletching
21:12 Bodkin Arrow
21:44 Bow Saw
22:02 Gold Mining
23:28 Husbandry
23:39 Bloodlines
zzbs1234
5:40 Loom
12:27 Feudal Age
12:58 Double-Bit Axe
13:36 Horse Collar
19:45 Castle Age
18:44 Bloodlines
18:33 Gold Mining
20:18 Scale Barding Armor
21:54 Scale Mail Armor
22:04 Forging
22:11 Bow Saw
Connection lost

Rejoining the realm…

Still unreachable

The connection could not be restored.

Session expired

The server has moved on; the page needs a fresh start.